 Dungeon Crawl Stone Soup version 0.28-a0-773-g130ae17fe5 (webtiles) character file.

Game seed: 11775819356717897274

37 cheechan the Ducker (level 3, 0/26 HPs)
             Began as an Octopode Fighter on Nov 1, 2021.
             Frozen to death by an endoplasm (5 damage)
             ... on level 2 of the Dungeon.
             The game lasted 00:03:05 (678 turns).

cheechan the Ducker (Octopode Fighter)               Turns: 678, Time: 00:03:06

Health: 0/26       AC:  1    Str: 16    XL:     3   Next: 39%
Magic:  3/3        EV: 13    Int: 10    God:
Gold:   42         SH:  4    Dex: 11    Spells: 2/2 levels left

rFire   . . .      SeeInvis .   k - +2 dagger (flame)
rCold   . . .      Faith    .   b - +0 buckler
rNeg    . . .      Spirit   .   (helmet restricted)
rPois   .          Reflect  .   (no amulet)
rElec   .          Harm     .   g - ring of flight
rCorr   .          Rampage  .   (no ring)
Will    .....                   (no ring)
Stlth   +++.......              (no ring)
HPRegen 0.08/turn               (no ring)
MPRegen 0.08/turn               (no ring)
                                (no ring)
                                (no ring)

@: flying
A: almost no armour, amphibious, 8 rings, camouflage 1, gelatinous body 1,
(nimble swimmer 1), tentacles
a: no special abilities


You were on level 2 of the Dungeon.
You visited 1 branch of the dungeon, and saw 2 of its levels.

You collected 42 gold pieces.

Inventory:

Hand Weapons
 a - a +1 war axe
 e - a +0 hunting sling of flaming
 k - a +2 dagger of flaming (weapon)
Missiles
 i - 14 poisoned darts (quivered)
 j - 46 stones
Armour
 b - a +0 buckler (worn)
Magical Staves
 d - a staff of fire
Jewellery
 g - a ring of flight (left tentacle)
Scrolls
 h - a scroll of amnesia
Potions
 c - a potion of might
 f - a potion of curing {unknown}


   Skills:
 + Level 3.2 Fighting
 + Level 2.5 Axes
 + Level 3.3 Dodging
 + Level 1.2 Stealth
 + Level 3.2 Shields


You had 2 spell levels left.
You didn't know any spells.
Your spell library was empty.

Dungeon Overview and Level Annotations

Branches:
Dungeon (2/15)

Altars:

Shops:
D:1 *


Innate Abilities, Weirdness & Mutations

You cannot wear most types of armour.
You are amphibious.
You can wear up to eight rings at the same time.
Your skin changes colour to match your surroundings (Stealth+).
Your rubbery body absorbs attacks. (AC +1, EV +1)
((You are camouflaged near water. (Stealth+)))
You have tentacles for arms and can constrict up to eight enemies at once.


Message History

k - a +2 dagger of flaming Your +2 dagger of flaming bursts into flame!
k - a +2 dagger of flaming (weapon)
An adder comes into view.
The adder hisses angrily.
Found 3 gold pieces and a whip.
Found a stone staircase leading down.
You closely miss the adder. Your grab misses the adder. The adder bites you.
You hit the adder. You burn the adder. You grab the adder.
The adder is moderately wounded.
You constrict the adder. The adder bites you.
You are poisoned.
The adder poisons you!
You barely miss the adder.
The adder is heavily wounded.
You constrict the adder.
You feel sick. The adder bites you. The adder barely misses you.
You hit the adder. You burn the adder.
You kill the adder!
You feel sick.
An endoplasm comes into view.
You feel sick.
The endoplasm moves out of view.
You see here an adder corpse.
You feel sick.
You feel sick.
You now have 42 gold pieces (gained 3).
You feel sick.
You feel sick.
You are no longer poisoned.
You see here an adder corpse.
A giant cockroach comes into view.
Found a stone staircase leading down.
The giant cockroach bites you.
* * * LOW HITPOINT WARNING * * *
The giant cockroach bites you.
* * * LOW HITPOINT WARNING * * *
You hit the giant cockroach but do no damage.
Your grab misses the giant cockroach. You squeeze the giant cockroach.
You kill the giant cockroach!
The endoplasm freezes you.
You are frozen.
You die...

#.....#....†#..##.###.#
##.#..#..#.##..# # #..
#.>..).....##..# #.#
......#........# #.#
...............# #.#
#.##.##....##### #.# #
#. #....# ##.##.##....#
......J@....#
.#..........#
......####..# .#.#..
..# # ## .## .#


You could see an endoplasm.

Vanquished Creatures
  An adder (D:2)
  A dart slug (D:1)
  3 giant cockroaches
  4 goblins
  A hobgoblin (D:1)
  6 ball pythons (D:1)
  4 bats (D:1)
  A kobold (D:1)
  3 rats
24 creatures vanquished.

Notes
Turn   | Place    | Note
-------+----------+-------------------------------------------
     0 | D:1      | cheechan the Octopode Fighter began the quest for the Orb.
     0 | D:1      | Reached XP level 1. HP: 16/16 MP: 1/1
    75 | D:1      | Reached XP level 2. HP: 21/21 MP: 2/2
   143 | D:1      | Found a faded altar of an unknown god.
   340 | D:1      | Found Rina's General Store.
   510 | D:1      | Reached XP level 3. HP: 26/26 MP: 3/3
   593 | D:2      | Reached skill level 1 in Stealth
   678 | D:2      | Frozen to death by an endoplasm

Illustrated notes

Levels and vault maps discovered:
D:1:      lightli_arrival_statuegarden, layout_basic, serial_shops,
          nicolae_shop_crystal, ebering_ecumenical_altar_hall,
          chequers_serial_rivers_small_b
D:2:      layout_loops_ring, uniq_robin, uniq_sigmund

Skill      XL: |  1  2  3 |
---------------+----------+-----
Stealth        | 1 |  1.2
Fighting       | |  3.2
Axes           | |  2.5
Dodging        | |  3.3
Shields        | |  3.2

Action                   || total
-------------------------++-------
Melee: War axe           ||    30
       Constrict         ||    10
       Tentacles         ||     5
       Dagger            ||     5
  Use: Scroll            ||     4
 Stab: Sleeping          ||     5
Armor: Skin              ||     1
Dodge: Dodged            ||    20
Block: Buckler           ||     8

Table legend: (Time is in decaauts)
 A = Elapsed time spent in this place.
 B = Non-inter-level travel time spent in this place.
 C = Inter-level travel time spent in this place.
 D = Time resting spent in this place.
 E = Time spent auto-exploring this place.
 F = Levels seen in this place.
 G = Mean time per level.
                   A        B        C        D        E       F      G
               +--------+--------+--------+--------+--------+-----+--------+
         Total |    689 |    689 |      0 |      0 |      0 |   2 |  344.5 |
       Dungeon |    689 |    689 |      0 |      0 |      0 |   2 |  344.5 |
               +--------+--------+--------+--------+--------+-----+--------+

Top non-repeatable levels by time:
     D:1: 564 daAuts
     D:2: 124 daAuts
